 Dungeon Crawl Stone Soup version 0.17.0-15-g6d90897 (webtiles) character file.

126964 dorian the Tortoise (level 17, -8/128 HPs)
             Began as a Formicid Abyssal Knight on Nov 9, 2015.
             Was an Elder of Lugonu.
             Mangled by an iron troll (33 damage)
             ... on level 1 of the Depths on Nov 10, 2015.
             The game lasted 02:12:18 (49655 turns).

dorian the Tortoise (Formicid Abyssal Knight)      Turns: 49655, Time: 02:12:19

Health: -8/128     AC: 25    Str: 23    XL:     17   Next: 54%
Magic:  25/25      EV: 11    Int:  9    God:    Lugonu [****..]
Gold:   1979       SH: 16    Dex: 11    Spells: 0 memorised, 16 levels left

rFire  . . .     SeeInvis +     D - +6 battleaxe (chop)
rCold  + . .     Clarity  +     L - +1 plate armour
rNeg   + . .     SustAt   .     u - +4 shield "Rijig" {+Fly rN+ Regen+ Dex-3}
rPois  .         Gourm    .     (helmet unavailable)
rElec  +         Spirit   .     J - +1 cloak {+Inv}
rCorr  .         Warding  .     v - +2 pair of gloves of Death's Door {rElec Int-4 Dex+2 SInv}
rMut   .         Stasis   +     (no boots)
MR     +....                    F - amulet of clarity
Stlth  ..........               h - +2 ring of dexterity
                                W - ring of protection from cold

@: somewhat resistant to hostile enchantments, extremely unstealthy
A: permanent stasis, dig shafts and tunnels, four strong arms, antennae 3
a: Dig, Shaft Self, Depart the Abyss, Bend Space, Banish, Corrupt, Renounce
Religion, Evoke Invisibility, Evoke Flight


You were on level 1 of the Depths.
You worshipped Lugonu.
Lugonu was greatly pleased with you.
You were not hungry.

You visited 5 branches of the dungeon, and saw 30 of its levels.
You visited the Abyss 3 times.
You also visited: Bailey.

You collected 3117 gold pieces.
You spent 1138 gold pieces at shops.

Inventory:

Hand Weapons
 b - a +2 morningstar
 j - a +0 dagger of distortion
 D - a +6 battleaxe of chopping (weapon)
Missiles
 x - 47 tomahawks of returning (quivered)
Armour
 u - the +4 shield "Rijig" (worn) {+Fly rN+ Regen+ Dex-3}
   (You acquired it on level 8 of the Lair of Beasts)

   It affects your dexterity (-3).
   It protects you from negative energy.
   It lets you fly.
   It increases your rate of regeneration.
 v - the +2 pair of gloves of Death's Door (worn) {rElec Int-4 Dex+2 SInv}
   (You acquired it on level 15 of the Dungeon)

   It affects your intelligence (-4).
   It affects your dexterity (+2).
   It insulates you from electricity.
   It lets you see invisible.
 w - an ice dragon hide
 J - a +1 cloak of invisibility (worn)
 L - a +1 plate armour (worn)
Jewellery
 h - a +2 ring of dexterity (right hand)
 E - an uncursed ring of sustain attributes
 F - an amulet of clarity (around neck)
 M - an uncursed ring of positive energy
 W - a ring of protection from cold (left hand)
Wands
 c - a wand of disintegration (12)
 d - a wand of slowing (25)
 e - a wand of fire (1)
 i - a wand of heal wounds (4)
 p - a wand of lightning (8)
 s - a wand of fireball (5)
 y - a wand of fire (15)
 N - a wand of fireball (10)
 Q - a wand of cold (7)
Scrolls
 k - a scroll of vulnerability {unknown}
 m - 8 scrolls of fog
 n - 8 scrolls of remove curse
 o - 3 scrolls of recharging
 r - 8 scrolls of identify
 B - 2 scrolls of fear
 U - 2 scrolls of summoning
Potions
 a - a potion of brilliance
 g - 3 potions of flight
 q - a potion of agility
 G - 4 potions of resistance
 T - a potion of curing
 Z - 2 potions of heal wounds
Comestibles
 f - 2 meat rations
 l - 2 fruits
 t - 4 chunks of flesh


   Skills:
 + Level 10.2 Fighting
 + Level 16.7 Axes
 + Level 18.3 Armour
 - Level 8.4 Dodging
 - Level 9.9 Shields
 + Level 11.0 Invocations


You had 16 spell levels left.
You didn't know any spells.

Dungeon Overview and Level Annotations

Branches:
Dungeon (15/15)            Temple (1/1) D:6            Lair (8/8) D:9
 Shoals (0/4) Lair:6        Snake (0/4) Lair:5        Slime (0/6) Lair:8
    Orc (4/4) D:12            Elf (0/3) Orc:3        Vaults (0/5) D:14
 Depths (2/5) D:15

Altars:
Ashenzari
Cheibriados
Dithmenos
Elyvilon
Fedhas
Gozag
Kikubaaqudgha
Makhleb
Nemelex Xobeh
Ru
Sif Muna
Trog
Vehumet
Xom
Yredelemnul
The Shining One
Jiyva

Shops:
D:4 }   D:9 !=(   Orc:3 *   Orc:4 %*(:   Depths:1 }

Portals:
Pandemonium: Orc:4
Trove: D:12 (give +6 demon trident)


Innate Abilities, Weirdness & Mutations

You are under a permanent stasis effect.
You can dig through walls and to a lower floor.
Your four strong arms can wield two-handed weapons with a shield.
You have a pair of large antennae on your head (SInv).


Message History

You slash the iron troll!
The iron troll is heavily wounded.
You block the iron troll's attack. The iron troll claws you!!
The iron troll claws you!!
* * * LOW HITPOINT WARNING * * *
You are too injured to fight recklessly!
You are too injured to fight recklessly!
You are too injured to fight recklessly!
You are too injured to fight recklessly!
You hit the iron troll but do no damage.
The iron troll is heavily wounded.
You hit the iron troll.
The iron troll is heavily wounded.
You block the iron troll's attack.
The iron troll claws you but does no damage.
You block the iron troll's attack.
You hit the iron troll.
The iron troll is severely wounded.
The iron troll bites you!!
You die...

## #.# ########## #.#
.........# #.#
.........# ####.#
.........# ##†#.#
.........# ##.#@#
.........####.#T########
####
...............T{.......
.....
........................
.....
........................
......
...............)[.......
......
........................
......
.........##########.....
...... ......T..# .....
......


You could see an iron troll and a deep troll.

Vanquished Creatures
  Nikola (Depths:1)
  A bone dragon (Abyss:1)
  Jorgrun (Depths:1)
  Kirke (Lair:8)
  A frost giant (Depths:1)
  3 stone giants (Depths:1)
  6 dire elephants (Lair:8)
  A vault guard (D:14)
  Harold (Lair:1)
  3 ice dragons
  2 centaur warriors
  An anaconda (Lair:8)
  A hydra (Lair:4)
  A deep troll earth mage (Depths:1)
  3 death yaks (Lair:7)
  6 tengu warriors
  2 deep troll shamans (Depths:1)
  A thrashing horror (Abyss:1)
  2 ogre magi
  3 orc high priests (Orc:4)
  Sonja (D:15)
  A wretched star (Abyss:1)
  A giant orange brain (Abyss:1)
  2 hill giants
  2 unseen horrors (D:15)
  4 harpies (D:14)
  3 necromancers (D:14)
  3 orc knights
  A gelid demonspawn (Orc:4)
  3 slime creatures (D:15)
  10 ugly things
  9 elephants
  2 manticores
  6 black mambas
  3 griffons
  2 gargoyles
  An orange demon (Abyss:1)
  2 torpor snails
  6 komodo dragons
  11 spiny frogs
  3 efreet
  2 fire drakes
  A yaktaur (D:14)
  2 tengu conjurers
  A kobold demonologist (Orc:3)
  4 two-headed ogres
  2 polar bears
  2 red devils (Orc:4)
  A trapdoor spider zombie (D:11)
  8 trolls
  11 blink frogs
  2 deep elf magi
  A raiju (Abyss:1)
  A trapdoor spider (D:9)
  A redback (Depths:2)
  2 flying skulls (Abyss:1)
  2 tarantellas (Depths:1)
  A shadow (D:12)
  A wraith (D:13)
  2 wyverns
  2 basilisks
  3 hogs (Lair:8)
  26 yaks
  20 humans (D:14)
  2 steam dragons
  4 wargs
  16 hippogriffs
  14 vampire mosquitoes
  2 soldier ants
  2 nagas (Lair:5)
  35 water moccasins
  20 wolves
  Duvessa (D:4)
  2 mottled dragons
  3 ice beasts
  51 orc warriors
  2 sky beasts
  5 necrophages
  19 ogres
  10 porcupines
  5 black bears
  6 centaurs
  An eye of draining (Lair:8)
  An eye of draining (shapeshifter) (D:14)
  5 phantoms
  18 crocodiles
  19 big kobolds
  18 giant frogs
  2 gnoll sergeants
  A wyvern zombie (D:9)
  Dowan (D:4)
  7 scorpions
  A troll zombie (D:12)
  2 small abominations (Abyss:1)
  14 killer bees
  A water moccasin zombie (D:11)
  7 wights (D:11)
  A water moccasin skeleton (D:11)
  2 spriggan skeletons (D:9)
  A troll skeleton (D:9)
  15 crimson imps
  6 jellies
  A giant frog zombie (D:13)
  6 centaur zombies
  12 centaur skeletons
  Crazy Yiuf (D:7)
  Ijyb (D:2)
  38 orc priests
  39 orc wizards
  6 hounds
  Jessica (D:3)
  4 giant frog skeletons
  9 iguanas
  Natasha (thrice) (D:3)
  22 sheep
  12 worker ants
  7 ogre zombies (D:12)
  2 hound skeletons
  Robin (D:2)
  25 adders
  13 gnolls
  2 shadow imps
  60 river rats
  12 white imps
  3 ufetubi (Abyss:1)
  An ooze (D:6)
  2 adder skeletons
  2 worms
  3 giant geckos
  214 orcs
  6 bats
  2 bat zombies (D:3)
  7 giant cockroaches
  14 hobgoblins
  62 kobolds
  3 quokkas
  3 ball pythons
  A giant gecko skeleton (D:6)
  5 giant newts
  18 goblins
  3 goblin zombies (D:12)
  A hobgoblin skeleton (D:12)
  3 hobgoblin zombies (D:12)
  12 jackals
  4 orc skeletons (D:12)
  14 orc zombies (D:12)
  2 quokka zombies
  9 rats
  A rat zombie (D:3)
  9 fungi
  10 plants
1228 creatures vanquished.

Vanquished Creatures (collateral kills)
  An ugly thing (Depths:2)
1 creature vanquished.

Vanquished Creatures (others)
  A great orb of eyes (Depths:1)
  The ghost of HungrySpirit the Grappler, a journeyman DrTm of Qazlal (D:11)
  6 hydras
  4 centaur warriors
  The ghost of HungrySpirit the Grappler, a novice DrTm of Qazlal (D:10)
  3 orc high priests (Orc:4)
  An ice devil (Orc:4)
  An infernal demonspawn (Orc:4)
  A hill giant (D:10)
  6 orc knights
  4 orc sorcerers (Orc:4)
  An ugly thing (D:11)
  2 cyclopes (D:11)
  A gargoyle (D:10)
  A guardian mummy (D:12)
  A hellwing (Orc:4)
  A two-headed ogre (Depths:1)
  A troll (Orc:4)
  A trapdoor spider (D:14)
  3 hungry ghosts
  A warg (Orc:4)
  2 orc warriors
  A sky beast (D:7)
  2 centaurs
  A crocodile (D:11)
  3 killer bees (D:8)
  4 electric eels
  An orc priest (D:7)
  An adder (Lair:1)
  A bush (Lair:6)
  A butterfly (Lair:8)
  8 fungi
  23 plants
  10 starspawn tentacles (Abyss:1)
  79 starspawn tentacle segments (Abyss:1)
179 creatures vanquished.

Grand Total: 1408 creatures vanquished

Notes
Turn   | Place    | Note
--------------------------------------------------------------
     0 | Abyss:1  | dorian the Formicid Abyssal Knight began the quest for the Orb.
     0 | Abyss:1  | Reached XP level 1. HP: 18/18 MP: 2/2
     2 | Abyss:1  | Found a shimmering altar of Xom.
    62 | Abyss:1  | Noticed a manticore zombie
    62 | D:1      | Escaped the Abyss
   309 | D:1      | Reached XP level 2. HP: 18/24 MP: 3/3
   315 | D:1      | Reached * piety under Lugonu
  1009 | D:1      | Reached XP level 3. HP: 26/29 MP: 5/5
  1232 | D:2      | Noticed Ijyb
  1241 | D:2      | Killed Ijyb
  1241 | D:2      | Reached XP level 4. HP: 24/35 MP: 6/6
  1348 | D:2      | Reached ** piety under Lugonu
  1530 | D:2      | Found a glowing golden altar of the Shining One.
  1535 | D:2      | Noticed Robin
  1916 | D:2      | Killed Robin
  1916 | D:2      | Reached XP level 5. HP: 37/41 MP: 7/7
  2251 | D:3      | Found an ancient bone altar of Kikubaaqudgha.
  2300 | D:3      | Found a shimmering altar of Xom.
  2364 | D:3      | Reached skill level 4 in Invocations
  2459 | D:3      | Noticed Jessica
  2463 | D:3      | Killed Jessica
  2575 | D:3      | Reached *** piety under Lugonu
  2604 | D:3      | Reached XP level 6. HP: 27/47 MP: 9/9
  3024 | D:3      | Noticed Natasha
  3029 | D:3      | Killed Natasha
  3159 | D:3      | Noticed Natasha
  3166 | D:3      | Killed Natasha
  3440 | D:3      | Noticed Natasha
  3453 | D:3      | Killed Natasha
  3659 | D:4      | Noticed Duvessa
  3660 | D:4      | Noticed Dowan
  3825 | D:4      | Killed Duvessa
  3842 | D:4      | Killed Dowan
  3842 | D:4      | Reached skill level 5 in Invocations
  3842 | D:4      | Reached XP level 7. HP: 16/52 MP: 10/10
  4062 | D:4      | Reached skill level 5 in Armour
  4522 | D:4      | Found Ijeot's Gadget Emporium.
  4971 | D:5      | Entered Level 5 of the Dungeon
  5393 | D:5      | Reached skill level 6 in Invocations
  5396 | D:5      | Reached XP level 8. HP: 56/58 MP: 12/12
  5421 | D:5      | Reached skill level 5 in Axes
  5691 | D:5      | Noticed a steam dragon
  5698 | D:5      | Noticed a steam dragon
  5706 | D:5      | Killed a steam dragon
  6238 | D:6      | Reached skill level 7 in Invocations
  6677 | D:6      | Found a staircase to the Ecumenical Temple.
  6769 | D:6      | Reached XP level 9. HP: 61/64 MP: 14/14
  6882 | D:6      | Reached **** piety under Lugonu
  6942 | D:6      | Noticed Menkaure
  6982 | D:6      | Banished Menkaure
  7004 | Temple   | Entered the Ecumenical Temple
  7283 | D:6      | Reached skill level 8 in Invocations
  8661 | D:7      | Killed a steam dragon
  8899 | D:7      | Reached skill level 9 in Invocations
  9263 | D:7      | Noticed Crazy Yiuf
  9271 | D:7      | Killed Crazy Yiuf
  9271 | D:7      | Reached XP level 10. HP: 68/68 MP: 16/16
 10414 | D:8      | Reached skill level 10 in Invocations
 12083 | D:9      | Reached skill level 10 in Armour
 12211 | D:9      | Found a staircase to the Lair.
 12407 | D:9      | Found Anler's Jewellery Shoppe.
 12427 | D:9      | Found Seabb's Distillery.
 12434 | D:9      | Bought a potion of heal wounds for 70 gold pieces
 12534 | D:9      | Found Siddocs's Weapon Shop.
 12556 | D:9      | Reached XP level 11. HP: 31/75 MP: 18/18
 12936 | D:9      | Bought a +3 war axe of venom for 296 gold pieces
 13255 | D:9      | Reached skill level 11 in Armour
 13346 | D:9      | Reached skill level 10 in Axes
 14025 | D:10     | Entered Level 10 of the Dungeon
 14338 | D:10     | Reached ***** piety under Lugonu
 14936 | D:10     | Noticed a hill giant
 14948 | D:10     | Banished a hill giant
 15039 | D:10     | Reached skill level 12 in Armour
 15053 | D:10     | Noticed HungrySpirit's ghost (novice DrTm)
 15072 | D:10     | Banished HungrySpirit's ghost
 15777 | D:10     | Noticed a hill giant
 15780 | D:10     | Banished a hill giant
 16265 | D:11     | Noticed a green ugly thing
 16281 | D:11     | Killed a green ugly thing
 16363 | D:11     | Reached XP level 12. HP: 55/81 MP: 19/19
 16564 | D:11     | Found a flagged portal.
 16609 | Bailey   | Entered a bailey
 17378 | D:11     | Reached skill level 13 in Armour
 17746 | D:11     | Noticed a cyclops
 17747 | D:11     | Banished a cyclops
 17752 | D:11     | Noticed HungrySpirit's ghost (journeyman DrTm)
 17759 | D:11     | Banished HungrySpirit's ghost
 18842 | D:11     | HP: 4/81 [troll (9)]
 19848 | D:12     | Reached skill level 14 in Armour
 19943 | D:12     | Found a staircase to the Orcish Mines.
 20358 | D:12     | Found a portal to a secret trove of treasure.
 20635 | D:12     | Reached XP level 13. HP: 73/86 MP: 20/20
 20644 | Orc:1    | Entered Level 1 of the Orcish Mines
 21673 | Orc:3    | Found Zihefaa's Assorted Antiques.
 22283 | Orc:3    | Found a staircase to the Elven Halls.
 22785 | Orc:4    | Entered Level 4 of the Orcish Mines
 22808 | Orc:4    | Reached ****** piety under Lugonu
 24414 | Orc:4    | Found Doph's Food Shoppe.
 24440 | Orc:4    | Reached skill level 1 in Dodging
 24441 | Orc:4    | Reached skill level 15 in Armour
 24937 | Orc:4    | Found Irebim's General Store.
 26287 | Orc:4    | Noticed an orc warlord
 26290 | Orc:4    | Banished an orc warlord
 27115 | Orc:4    | HP: 2/86 [orc priest/divine providence[an orc knight] (10)]
 27159 | Orc:4    | Reached XP level 14. HP: 33/93 MP: 18/21
 27461 | Orc:4    | Found Totuyworgh's Antique Weapon Boutique.
 27461 | Orc:4    | Found a one-way gate leading to the halls of Pandemonium.
 27461 | Orc:4    | Found Bionkasch's Book Shop.
 28465 | D:4      | Bought a wand of heal wounds (4) for 576 gold pieces
 28637 | D:9      | Bought a potion of curing for 42 gold pieces
 28637 | D:9      | Bought 2 potions of heal wounds for 140 gold pieces
 28637 | D:9      | Bought a potion of poison for 14 gold pieces
 28655 | D:9      | Upgraded the game from 0.17.0-9-g801d43b to 0.17.0-15-g6d90897
 28920 | D:13     | Reached skill level 5 in Dodging
 29564 | D:14     | Reached skill level 1 in Shields
 30072 | D:14     | Reached skill level 16 in Armour
 30809 | D:14     | Reached skill level 5 in Shields
 30864 | D:14     | Got an ivory flail {vamp}
 30868 | D:14     | Identified the cursed +0 flail "Quowk" {vamp, rF+++ rC+ Dex-2} (You took it off a yaktaur on level 14 of the Dungeon)
 31090 | D:14     | Found a gate to the Vaults.
 31562 | D:14     | Reached skill level 15 in Axes
 31894 | D:14     | Reached XP level 15. HP: 83/101 MP: 22/22
 31974 | D:14     | Found a sacrificial altar of Ru.
 32455 | Lair:1   | Entered Level 1 of the Lair of Beasts
 32679 | Lair:1   | Noticed Harold
 32695 | Lair:1   | Killed Harold
 33543 | Lair:1   | Reached skill level 5 in Fighting
 35803 | Lair:3   | Got a blackened arbalest
 35804 | Lair:3   | Identified the +8 arbalest "Beif" {freeze, rElec} (You found it on level 3 of the Lair of Beasts)
 38961 | Lair:5   | Found a staircase to the Snake Pit.
 39015 | Lair:5   | Reached skill level 17 in Armour
 39065 | Lair:5   | Found a deep blue altar of Sif Muna.
 40481 | Lair:6   | Found a staircase to the Shoals.
 41816 | Lair:7   | Reached XP level 16. HP: 112/115 MP: 23/23
 42836 | Lair:8   | Entered Level 8 of the Lair of Beasts
 43299 | Lair:8   | Found a viscous altar of Jiyva.
 43300 | Lair:8   | Found a staircase to the Slime Pits.
 43349 | Lair:8   | Noticed Kirke
 43583 | Lair:8   | Killed Kirke
 44297 | Lair:8   | Identified a scroll of acquirement
 44298 | Lair:8   | Got a spiked shield
 44309 | Lair:8   | Identified the +4 shield "Rijig" {+Fly rN+ Regen+ Dex-3} (You acquired it on level 8 of the Lair of Beasts)
 46163 | D:15     | Entered Level 15 of the Dungeon
 46313 | D:15     | Noticed Sonja
 46318 | D:15     | Cast into the Abyss (Sonja)
 46656 | D:15     | Escaped the Abyss
 46831 | D:15     | Killed Sonja
 47204 | D:15     | Found a staircase to the Depths.
 47425 | D:15     | Got a pair of crude gloves
 47436 | D:15     | Identified the +2 pair of gloves of Death's Door {rElec Int-4 Dex+2 SInv} (You acquired it on level 15 of the Dungeon)
 47860 | Depths:1 | Entered Level 1 of the Depths
 47864 | Depths:1 | Found Hycoijuj's Gadget Boutique.
 47916 | Depths:1 | Reached XP level 17. HP: 125/125 MP: 24/24
 47929 | Depths:1 | Noticed Nikola
 47958 | Depths:1 | Killed Nikola
 47962 | Depths:1 | Noticed Jorgrun
 47972 | Depths:1 | Killed Jorgrun
 47972 | Depths:1 | Reached skill level 18 in Armour
 48599 | Abyss:1  | Noticed a tentacled starspawn
 48661 | Abyss:1  | Noticed a bone dragon
 48689 | Abyss:1  | Killed a bone dragon
 48789 | Abyss:1  | Noticed a tentacled starspawn
 48799 | Depths:2 | Escaped the Abyss
 49383 | Depths:1 | Reached skill level 10 in Fighting
 49655 | Depths:1 | Mangled by an iron troll

Action                   |  1- 3 |  4- 6 |  7- 9 | 10-12 | 13-15 | 16-18 || total
-------------------------+-------+-------+-------+-------+-------+-------++-------
Melee: Whip              |    63 |   213 |   399 |   384 |       |       ||  1059
       Hand axe          |     6 |       |       |       |       |       ||     6
       Mace              |       |       |    24 |       |       |       ||    24
       Flail             |       |       |       |    52 |    13 |       ||    65
       War axe           |       |       |       |   793 |   612 |       ||  1405
       Battleaxe         |       |       |       |       |  1266 |   741 ||  2007
Throw: Javelin           |       |       |     9 |       |       |       ||     9
       Tomahawk          |       |       |     8 |    10 |     8 |     3 ||    29
Invok: Depart the Abyss  |     1 |       |       |       |       |     2 ||     3
       Banish            |       |     3 |     4 |    29 |    39 |     9 ||    84
       Bend Space        |       |       |     1 |       |       |     4 ||     5
       Enter the Abyss   |       |       |       |       |       |     1 ||     1
 Abil: Dig               |       |     1 |     1 |    12 |    18 |    19 ||    51
Evoke: Wand              |       |       |       |     1 |       |       ||     1
  Use: Scroll            |       |       |    12 |     3 |    12 |     6 ||    33
       Potion            |       |       |       |     4 |    15 |     6 ||    25
  Eat: Chunk             |     1 |     4 |    10 |    28 |    48 |    12 ||   103
       Pizza             |       |     2 |     1 |     1 |       |     4 ||     8
       Royal jelly       |       |     1 |       |     3 |     2 |       ||     6
       Meat ration       |       |       |     1 |     1 |     4 |     2 ||     8
       Beef jerky        |       |       |     2 |     4 |     2 |     1 ||     9
       Fruit             |       |       |       |     3 |     4 |     3 ||    10
       Bread ration      |       |       |       |       |     2 |       ||     2
